 Dungeon Crawl Stone Soup version 0.30-a0-779-g7971cf19c3 (webtiles) character file.

Game seed: 18093347779746730187

18136 Pimp the Tainter (level 12, -5/75 HPs)
             Began as a Demonspawn Earth Elementalist on Feb 17, 2023.
             Was the Champion of Okawaru.
             Slain by an ogre
             ... wielding a +0 giant club
              (26 damage)
             ... on level 12 of the Dungeon.
             The game lasted 00:56:25 (13960 turns).

Pimp the Tainter (Demonspawn Earth Elementalist)   Turns: 13960, Time: 00:56:26

Health: -5/75      AC: 17    Str: 16    XL:     12   Next: 25%
Magic:  15/23      EV: 13    Int: 19    God:    Okawaru [******]
Gold:   526        SH:  0    Dex: 19    Spells: 9/26 levels left

rFire   + . .      SeeInvis +    n - +0 bardiche of the Heart {freeze, rF+ Int+3 Dex+4}
rCold   . . .      Faith    +    (shield currently unavailable)
rNeg    . . .      Spirit   .    t - +3 ring mail {rPois}
rPois   +          Reflect  .    H - +0 hat of Midsummer {Str+5}
rElec   .          Harm     .    E - +0 cloak
rCorr   .          Rampage  .    l - +2 pair of gloves
Will    .....                    (boots unavailable)
Stlth   ++                       m - amulet of faith
HPRegen 0.32/turn                e - ring of wizardry
MPRegen 0.36/turn                I - ring of see invisible

@: radiating poison, unable to drink
A: hooves 3, thin metallic scales 2, (demonic guardian 2), magic regeneration,
dopey 1, frail 1, inability to drink after injury 1, sturdy frame 1
a: Renounce Religion, Heroism, Finesse, Duel


You were on level 12 of the Dungeon.
You worshipped Okawaru.
Okawaru was exalted by your worship.
You visited 4 branches of the dungeon, and saw 16 of its levels.

You collected 792 gold pieces.
You spent 266 gold pieces at shops.

Inventory:

Hand Weapons
 a - the +5 war axe "Lesasmeb" {venom, rElec MP+9 Str+4 Dex-5}
   (You found it on level 11 of the Dungeon)

   Str:       It affects your strength (+4).
   Dex:       It affects your dexterity (-5).
   rElec:     It insulates you from electricity.
   MP:        It affects your magic capacity (+9).
 n - the +0 bardiche of the Heart (weapon) {freeze, rF+ Int+3 Dex+4}
   (Okawaru gifted it to you on level 1 of the Lair of Beasts)

   Int:       It affects your intelligence (+3).
   Dex:       It affects your dexterity (+4).
   rF:        It protects you from fire.
 p - a +2 spear of electrocution
 r - the +5 Force Lance {heavy, knockback}
   (You found it on level 3 of the Dungeon)
Missiles
 v - 15 boomerangs
 C - 38 poisoned darts
Armour
 j - the +1 plate armour of the Devil {rPois rC- Int+7}
   (Okawaru gifted it to you on level 10 of the Dungeon)

   Int:       It affects your intelligence (+7).
   rC:        It makes you vulnerable to cold.
   rPois:     It protects you from poison.
 l - a +2 pair of gloves (worn)
 o - a +0 pair of boots
 q - a +3 ring mail
 t - a +3 ring mail of poison resistance (worn)
 A - the +1 chain mail "Tutsaf" {Slay+3}
   (You bought it in a shop on level 4 of the Dungeon)

   Slay:      It affects your accuracy & damage with ranged weapons and melee
   (+3).
 E - a +0 cloak (worn)
 H - the +0 hat of Midsummer (worn) {Str+5}
   (Okawaru gifted it to you on level 1 of the Lair of Beasts)

   Str:       It affects your strength (+5).
Jewellery
 e - a ring of wizardry (left hand)
 i - a ring of protection from fire
 m - an amulet of faith (around neck)
 u - a ring of fire
 w - a ring of ice
 y - a ring of flight
 B - an amulet of reflection
 F - a ring of willpower
 I - a ring of see invisible (right hand)
Wands
 D - a wand of flame (35)
 G - a wand of paralysis (37)
 J - a wand of iceblast (8)
 P - a wand of quicksilver (7)
Scrolls
 d - 2 scrolls of noise
 f - a scroll of brand weapon
 s - 2 scrolls of fog
 K - a scroll of amnesia
 L - a scroll of silence
Potions
 b - 2 potions of magic
 c - a potion of resistance
 g - 2 potions of cancellation
 h - 3 potions of brilliance
 k - 3 potions of curing
 x - 3 potions of might
 z - a potion of flight
 Q - a potion of attraction
Miscellaneous
 N - a phial of floods


   Skills:
 + Level 4.5 Fighting
 - Level 0.8 Short Blades
 + Level 9.4 Polearms
 - Level 7.1 Armour
 + Level 4.0 Dodging
 - Level 3.7 Stealth
 + Level 7.7 Spellcasting
 - Level 0.2 Conjurations
 + Level 2.3 Transmutations
 + Level 1.3 Fire Magic
 + Level 4.6 Earth Magic
 + Level 10.3 Poison Magic


You had 9 spell levels left.
You knew the following spells:

 Your Spells              Type           Power      Damage    Failure   Level
a - Sandblast             Erth           50%        2d12      1%          1
b - Sting                 Tmut/Pois      100%       1d8       1%          1
c - Olgreb's Toxic Radia  Pois           46%        N/A       1%          4
d - Stone Arrow           Conj/Erth      32%        3d9       6%          3
e - Scorch                Fire           24%        2d6       4%          2
f - Passwall              Tmut/Erth      16%        N/A       1%          2
g - Flame Wave            Conj/Fire      10%        2d6       32%         4

Your spell library contained the following spells:

 Spells                   Type           Power      Damage    Failure   Level
 Poisonous Vapours        Pois/Air       54%        N/A       1%          2
 Petrify                  Tmut/Erth      20%        N/A       12%         4
 Frozen Ramparts          Ice            14%        1d3       16%         3
 Ice Form                 Ice/Tmut       11%        N/A       28%         4
 Summon Ice Beast         Ice/Summ       Unusable   N/A       N/A         4
 Summon Cactus Giant      Summ           Unusable   N/A       N/A         6

Dungeon Overview and Level Annotations

Branches:
Dungeon (12/15)            Temple (1/1) D:5            Lair (2/5) D:9
  Swamp (0/4) Lair:2          Orc (1/2) D:12
  Snake: Lair:2-3    Spider: Lair:2-3

Altars:
Ashenzari
Cheibriados
Dithmenos
Fedhas
Gozag
Hepliaklqana
Kikubaaqudgha
Makhleb
Nemelex Xobeh
Okawaru
Qazlal
Ru
Sif Muna
Trog
Uskayaw
Vehumet
Wu Jian
Xom
Yredelemnul

Shops:
D:3 [   D:4 [   D:6 *   D:12 [

Annotations:
D:9 2 runed translucent doors


Innate Abilities, Weirdness & Mutations

You have hooves in place of feet.
You are mostly covered in thin metallic scales. (AC +3)
((A demonic guardian rushes to your aid.))
You regenerate magic rapidly.
You are dopey. (Int -2)
You are frail. (-10% HP)
You occasionally lose the ability to drink potions when taking damage.
Your movements are slightly less encumbered by armour. (ER -2)


Message History

The warg bites you!
The cyclops throws a large rock.
The large rock hits you!! The warg bites you but does no damage.
There is a staircase back to the Dungeon here.
The ogre looks even sicker.
You kill the cyclops!
Okawaru accepts your kill. The warg barely misses you.
Your Dodging skill increases to level 4!
You climb upwards.
Welcome back to the Dungeon!
There is a staircase to the Orcish Mines here.
You slice the warg!! You freeze the warg.
You kill the warg!
Okawaru accepts your kill.
You start resting.
Your toxic aura wanes.
You start resting.
Magic restored.
You start resting.
HP restored.
You climb downwards.
Welcome back to the Orcish Mines!
The orc warrior hits you with a +0 scimitar!
The ogre barely misses you.
There is a staircase back to the Dungeon, spattered with blood here.
The orc warrior hits you with a +0 scimitar!
The ogre hits you with a +0 giant club!!
You climb upwards.
Welcome back to the Dungeon!
There is a staircase to the Orcish Mines here.
Casting: Olgreb's Toxic Radiance (dangerous; 1% risk of failure)
Confirm with . or Enter, or press ? or * to list all spells.
You begin to radiate toxic energy.
The orc warrior is poisoned.
The ogre is poisoned.
The ogre looks even sicker.
The orc warrior hits you with a +0 scimitar.
Casting: Olgreb's Toxic Radiance (dangerous; 1% risk of failure)
Confirm with . or Enter, or press ? or * to list all spells.
Your toxic radiance grows in intensity.
The orc warrior looks even sicker. x2
The orc warrior hits you with a +0 scimitar!
* * * LOW HITPOINT WARNING * * *
The ogre hits you with a +0 giant club!!
You feel threatened and lose the ability to drink potions!
You die...

#.....#........#..
#####...#.####)#####..
#...#.........).......
#...............#.....
#...............#.....
#.......).......#.....
#....∩................
#.......[(............
#...o@O...#####.......
#.........# ####+#..
#.........#
#........## #........#
+........# #...##...#
#...##...# #...##...#


You could see an orc warrior (very poisoned) and an ogre (very poisoned).

Vanquished Creatures
  2 boulder beetles
  Urug (Lair:1)
  A deep elf knight (D:12)
  3 cyclopes
  A moth of wrath (D:11)
  Joseph (Lair:1)
  A torpor snail (Lair:1)
  2 cane toads (Lair:1)
  Psyche (D:8)
  A rime drake (Lair:1)
  4 komodo dragons
  A polar bear (Lair:1)
  4 trolls
  A shadow (D:10)
  Sigmund (D:6)
  A wraith (D:12)
  A vampire (D:10)
  2 wyverns (Lair:1)
  18 yaks
  A basilisk (Lair:1)
  6 vampire mosquitoes (D:11)
  A steam dragon (D:10)
  A warg (D:12)
  An acid dragon (D:10)
  2 water moccasins
  An ice beast (D:5)
  10 orc warriors
  3 black bears
  A sky beast (D:7)
  An ogre (D:3)
  8 wolves (Lair:1)
  2 centaurs (D:7)
  A phantom (D:6)
  3 kobold brigands
  7 bullfrogs
  6 scorpions
  4 wights (D:9)
  21 killer bees
  5 howler monkeys
  An electric eel (Lair:1)
  3 jellies
  10 orc priests
  5 hounds
  A gnoll bouda (D:8)
  2 iguanas (D:6)
  4 orc wizards
  4 gnolls (D:8)
  6 adders
  A worm (D:11)
  3 dart slugs
  33 orcs
  3 ball pythons (D:3)
  5 endoplasms
  4 giant cockroaches
  7 goblins
  9 hobgoblins
  17 kobolds
  A quokka (D:2)
  6 bats
  4 frilled lizards
  9 rats
270 creatures vanquished.

Vanquished Creatures (others)
  3 fungi (Lair:1)
  10 plants
13 creatures vanquished.

Grand Total: 283 creatures vanquished

Notes
Turn   | Place    | Note
-------+----------+-------------------------------------------
     0 | D:1      | Pimp the Demonspawn Earth Elementalist began the quest for
                  | the Orb.
     0 | D:1      | Reached XP level 1. HP: 13/13 MP: 3/3
   192 | D:1      | Gained mutation: You are partially covered in thin metallic
                  | scales. (AC +2) [demonic ancestry]
   192 | D:1      | Reached XP level 2. HP: 13/19 MP: 1/5
   872 | D:1      | Gained mutation: You are mostly covered in thin metallic
                  | scales. (AC +3) [demonic ancestry]
   872 | D:1      | Reached XP level 3. HP: 22/24 MP: 4/6
  1401 | D:2      | You fall into a shaft and drop 2 floors!
  1521 | D:3      | Found an opulent altar of Gozag.
  1713 | D:3      | Found the +5 Force Lance {heavy, knockback}
  1715 | D:3      | Found Meqon's Armour Shoppe.
  1791 | D:3      | Noticed an ogre
  1805 | D:3      | Killed an ogre
  1806 | D:3      | Gained mutation: A weak demonic guardian rushes to your
                  | aid. [demonic ancestry]
  1806 | D:3      | Reached XP level 4. HP: 12/30 MP: 5/8
  1806 | D:3      | Gained mutation: You have large cloven feet. [demonic
                  | ancestry]
  1806 | D:3      | Reached XP level 5. HP: 14/35 MP: 5/9
  2191 | D:3      | Reached skill level 1 in Armour
  2400 | D:4      | Reached skill level 1 in Polearms
  2445 | D:4      | Learned a level 1 spell: Sting
  2637 | D:4      | Reached XP level 6. HP: 39/41 MP: 11/11
  2668 | D:4      | Found a stormy altar of Qazlal.
  2787 | D:4      | Found Aczay's Antique Armour Shoppe.
  2827 | D:4      | Bought a twisted chain mail for 266 gold pieces
  2827 | D:4      | Identified the +1 chain mail "Tutsaf" {Slay+3} (You bought
                  | it in a shop on level 4 of the Dungeon)
  2935 | D:4      | Found a hazy altar of Hepliaklqana.
  2998 | D:5      | Entered Level 5 of the Dungeon
  3006 | D:5      | Found a radiant altar of Vehumet.
  3183 | D:5      | Found an ornate altar of the Wu Jian Council.
  3197 | D:5      | Noticed an orc warrior
  3206 | D:5      | Killed an orc warrior
  3215 | D:5      | Reached XP level 7. HP: 36/47 MP: 8/12
  3217 | D:5      | Reached skill level 1 in Fighting
  3337 | D:5      | Found a staircase to the Ecumenical Temple.
  3347 | Temple   | Entered the Ecumenical Temple
  3477 | Temple   | Learned a level 4 spell: Olgreb's Toxic Radiance
  3561 | Temple   | Became a worshipper of Warmaster Okawaru
  3678 | D:5      | Reached skill level 1 in Transmutations
  4159 | D:6      | Reached skill level 1 in Poison Magic
  4282 | D:6      | Found Uhufoal Asug's Gadget Gallery.
  4301 | D:6      | Gained mutation: A demonic guardian rushes to your aid.
                  | [demonic ancestry]
  4301 | D:6      | Reached XP level 8. HP: 54/54 MP: 14/14
  4357 | D:6      | Reached * piety under Okawaru
  4360 | D:6      | Reached skill level 5 in Polearms
  4684 | D:6      | Noticed Sigmund
  4694 | D:6      | Killed Sigmund
  4695 | D:6      | Reached skill level 2 in Poison Magic
  5132 | D:7      | Reached ** piety under Okawaru
  5350 | D:7      | Reached skill level 3 in Poison Magic
  5666 | D:7      | Reached XP level 9. HP: 62/62 MP: 10/15
  6030 | D:7      | Reached skill level 4 in Poison Magic
  6250 | D:8      | Noticed Psyche
  6315 | D:8      | Killed Psyche
  6475 | D:8      | Reached *** piety under Okawaru
  6479 | D:8      | Reached skill level 5 in Poison Magic
  6485 | D:8      | Reached skill level 5 in Armour
  6492 | D:8      | Reached skill level 5 in Spellcasting
  6646 | D:8      | Reached **** piety under Okawaru
  6647 | D:8      | Reached skill level 6 in Poison Magic
  6770 | D:8      | Gained mutation: You have hoof-like feet. [demonic
                  | ancestry]
  6770 | D:8      | Reached XP level 10. HP: 53/70 MP: 5/17
  7045 | D:8      | Found a shadowy altar of Dithmenos.
  7080 | D:9      | Found an ancient bone altar of Kikubaaqudgha.
  7124 | D:9      | Found a staircase to the Lair.
  7189 | D:9      | Found a large runed translucent door.
  7190 | D:9      | Found a large runed translucent door.
  7190 | D:9      | Identified the +0 leather armour of Zistraonk {rC+ Int+3
                  | SInv}
  7237 | D:9      | Learned a level 3 spell: Stone Arrow
  7240 | D:9      | Learned a level 2 spell: Scorch
  7243 | D:9      | Learned a level 2 spell: Passwall
  7325 | D:9      | Noticed a cyclops
  7336 | D:9      | Killed a cyclops
  7346 | D:9      | Reached ***** piety under Okawaru
  7508 | D:9      | Found a runed translucent door.
  7509 | D:9      | Found a runed translucent door.
  7509 | D:9      | Noticed a deep elf pyromancer
  7509 | D:9      | Noticed a brown ugly thing
  7550 | D:9      | Reached skill level 7 in Poison Magic
  8364 | D:10     | Entered Level 10 of the Dungeon
  8387 | D:10     | Found a broken altar of Ashenzari.
  8632 | D:10     | Found a sparkling altar of Nemelex Xobeh.
  8886 | D:10     | Learned a level 4 spell: Flame Wave
  9009 | D:10     | Found a burning altar of Makhleb.
  9009 | D:10     | Found a shimmering blue altar of Sif Muna.
  9033 | D:10     | Identified the +1 plate armour of the Devil {rPois rC-
                  | Int+7} (Okawaru gifted it to you on level 10 of the
                  | Dungeon)
  9033 | D:10     | Received a gift from Okawaru
  9492 | D:11     | Noticed a boulder beetle
  9501 | D:11     | Killed a boulder beetle
  9502 | D:11     | Gained mutation: You have hooves in place of feet. [demonic
                  | ancestry]
  9502 | D:11     | Reached XP level 11. HP: 75/76 MP: 12/20
  9615 | D:11     | Reached skill level 8 in Poison Magic
  9878 | D:11     | HP: 2/76 [troll (11)]
 10188 | D:11     | Found a bloodstained altar of Trog.
 10199 | D:11     | Identified the +5 war axe "Lesasmeb" {venom, rElec MP+9
                  | Str+4 Dex-5}
 10688 | D:11     | Gained mutation: You occasionally lose the ability to drink
                  | potions when taking damage. [potion of mutation]
 10688 | D:11     | Gained mutation: You are dopey. (Int -2) [potion of
                  | mutation]
 10688 | D:11     | Gained mutation: You are very dopey. (Int -4) [potion of
                  | mutation]
 10769 | D:12     | Noticed a deep elf knight
 10785 | D:12     | Killed a deep elf knight
 10999 | Lair:1   | Entered Level 1 of the Lair of Beasts
 11191 | Lair:1   | Reached skill level 9 in Poison Magic
 11266 | Lair:1   | Noticed Urug
 11311 | Lair:1   | Killed Urug
 11311 | Lair:1   | Identified the +0 bardiche of the Heart {freeze, rF+ Int+3
                  | Dex+4} (Okawaru gifted it to you on level 1 of the Lair of
                  | Beasts)
 11311 | Lair:1   | Received a gift from Okawaru
 11636 | Lair:1   | Reached ****** piety under Okawaru
 11692 | Lair:1   | Noticed Joseph
 11869 | Lair:1   | Killed Joseph
 11872 | Lair:1   | Lost mutation: You are very dopey. (Int -4) [potion of
                  | mutation]
 11872 | Lair:1   | Lost mutation: You are dopey. (Int -2) [potion of mutation]
 11872 | Lair:1   | Lost mutation: You occasionally lose the ability to drink
                  | potions when taking damage. [potion of mutation]
 11872 | Lair:1   | Gained mutation: You are frail. (-10% HP) [potion of
                  | mutation]
 11872 | Lair:1   | Gained mutation: You occasionally lose the ability to drink
                  | potions when taking damage. [potion of mutation]
 11872 | Lair:1   | Gained mutation: You are dopey. (Int -2) [potion of
                  | mutation]
 11872 | Lair:1   | Gained mutation: Your movements are slightly less
                  | encumbered by armour. (ER -2) [potion of mutation]
 12085 | Lair:1   | Identified the +0 hat of Midsummer {Str+5} (Okawaru gifted
                  | it to you on level 1 of the Lair of Beasts)
 12085 | Lair:1   | Received a gift from Okawaru
 12420 | Lair:1   | Noticed a boulder beetle
 12427 | Lair:1   | Killed a boulder beetle
 12428 | Lair:1   | Reached skill level 10 in Poison Magic
 12428 | Lair:1   | Gained mutation: You regenerate magic rapidly. [demonic
                  | ancestry]
 12428 | Lair:1   | Reached XP level 12. HP: 66/74 MP: 11/23
 12860 | Lair:2   | Found a staircase to the Swamp.
 13251 | D:9      | Found a bloodstained altar of Trog.
 13687 | D:12     | Reached skill level 1 in Fire Magic
 13739 | D:12     | Found Zoshrep's Armour Shoppe.
 13739 | D:12     | Found a staircase to the Orcish Mines.
 13796 | Orc:1    | Entered Level 1 of the Orcish Mines
 13960 | D:12     | Slain by an ogre

Illustrated notes

Levels and vault maps discovered:
D:1:      wander_arrival_peaceful_grave, layout_basic
D:2:      layout_basic
D:3:      layout_basic, amcnicky_altar_gilded, serial_shops, shop_statue
D:4:      layout_loops_ring, overflow_temple_1_default,
          nzn_hepliaklqana_mist_gate, serial_shops, shop, grunt_ministairs_10
D:5:      layout_loops_corners, nzn_wu_jian_contemplation,
          vehumet_altar_wand_db, minmay_temple_entry_mist
D:6:      layout_rooms, nicolae_shop_gadgets, uniq_sigmund
D:7:      layout_layer_cave
D:8:      layout_rooms, lemuel_coloured_pillars_altar,
          kennysheep_generic_room_8, uniq_psyche
D:9:      minmay_the_grid_triangle_9x9_rhombus_full
          [minmay_the_grid_triangle_9x9_corruption,
          minmay_the_grid_triangle_9x9_warning,
          minmay_the_grid_triangle_9x9_dagger,
          minmay_the_grid_triangle_9x9_tough_junction,
          minmay_the_grid_triangle_9x9_semitri,
          minmay_the_grid_triangle_9x9_shrine,
          minmay_the_grid_triangle_9x9_checkered,
          minmay_the_grid_triangle_9x9_prize_insulated], layout_basic,
          jmf_multi_god_temple2, mainiacjoe_overflow_cross_hatched,
          david_lair_shrubbed
D:10:     layout_cave_pools, nicolae_ashenzari_skybound,
          nemelex_spade_bored_becter, gammafunk_temple_overflow_elements
D:11:     layout_basic, tgw_trog
D:12:     minmay_shrinking_squares, layout_stronghold, orc_david_3,
          chequers_decorated_corner
Temple:   grunt_temple_mini_profane
Lair:1:   layout_loops_ring, pdpol_lair_cavern_descent, uniq_joseph, uniq_urug
Lair:2:   layout_chaotic_city, skrybe_swamp_entry_bodies,
          kennysheep_abandoned_house, serial_bayou_shore_b,
          serial_bayou_shore_b, serial_bayou_shore_b
Orc:1:    layout_caves

Skill      XL: |  1  2  3  4  5  6  7  8  9 10 11 12 |
---------------+-------------------------------------+-----
Earth Magic    | 3 4 |  4.6
Dodging        | 2 3 4 |  4.0
Stealth        | 2 3 |  3.7
Spellcasting   | 3 4 5 6 7 |  7.7
Armour         | 1 2 3 4 5 6 7 |  7.1
Polearms       | 2 3 4 5 6 8 9 |  9.4
Fighting       | 1 2 3 4 |  4.5
Transmutations | 1 2 |  2.3
Poison Magic   | 1 3 6 7 10 | 10.3
Fire Magic     | 1 |  1.3
Short Blades   | |  0.8
Conjurations   | |  0.2

Action                     |  1- 3 |  4- 6 |  7- 9 | 10-12 || total
---------------------------+-------+-------+-------+-------++-------
  Melee: Dagger            |    55 |       |       |       ||    55
         Lance             |     3 |    79 |   149 |   169 ||   400
         Punch             |     1 |       |     1 |     1 ||     3
         Bardiche          |       |       |       |    69 ||    69
         Kick              |       |       |       |    39 ||    39
   Cast: Sandblast         |    41 |     5 |     2 |     3 ||    51
         Sting             |       |     3 |    23 |     2 ||    28
         Olgreb's Toxic Ra |       |       |    18 |   112 ||   130
         Stone Arrow       |       |       |       |     6 ||     6
         Scorch            |       |       |       |     1 ||     1
 Invoke: Heroism           |       |       |       |     1 ||     1
  Evoke: Wand              |       |       |       |     1 ||     1
    Use: Scroll            |       |       |    11 |    15 ||    26
         Potion            |       |       |     1 |     5 ||     6
   Stab: Sleeping          |     3 |     1 |     2 |     2 ||     8
         Paralysed         |       |       |       |     1 ||     1
 Armour: Robe              |    23 |       |       |       ||    23
         Ring mail         |     3 |    50 |   120 |   135 ||   308
         Skin              |       |       |     1 |       ||     1
  Dodge: Dodged            |    46 |    59 |    79 |   167 ||   351

Table legend: (Time is in decaauts)
 A = Elapsed time spent in this place.
 B = Non-inter-level travel time spent in this place.
 C = Inter-level travel time spent in this place.
 D = Time resting spent in this place.
 E = Time spent auto-exploring this place.
 F = Levels seen in this place.
 G = Mean time per level.
                   A        B        C        D        E       F      G
               +--------+--------+--------+--------+--------+-----+--------+
         Total |  14128 |  13307 |    821 |   2906 |   7463 |  16 |  883.0 |
       Dungeon |  11682 |  10981 |    701 |   2034 |   6604 |  12 |  973.5 |
        Temple |    237 |    195 |     42 |      0 |    181 |   1 |  237.0 |
          Lair |   2194 |   2116 |     78 |    872 |    678 |   2 | 1097.0 |
  Orcish Mines |     13 |     13 |      0 |      0 |      0 |   1 |   13.0 |
               +--------+--------+--------+--------+--------+-----+--------+

Top non-repeatable levels by time:
  Lair:1: 2120 daAuts
     D:9: 1804 daAuts
    D:11: 1779 daAuts
     D:7: 1258 daAuts
     D:1: 1057 daAuts
     D:3: 953 daAuts
     D:5: 927 daAuts
     D:8: 888 daAuts
     D:6: 808 daAuts
    D:10: 753 daAuts
     D:4: 687 daAuts
    D:12: 407 daAuts
     D:2: 355 daAuts
  Temple: 237 daAuts
  Lair:2: 74 daAuts
